 Dungeon Crawl Stone Soup version 0.30.1-11-g7821555f0a (webtiles) character file.

Game seed: 10815634975442844215

273 SacredBeard the Shooter (level 6, -1/34 HPs)
             Began as a Deep Elf Hexslinger on Oct 31, 2023.
             Slain by an adder (2 damage)
             ... on level 3 of the Dungeon.
             The game lasted 00:13:37 (3071 turns).

SacredBeard the Shooter (Deep Elf Hexslinger)       Turns: 3071, Time: 00:13:37

Health: -1/34      AC:  3    Str: 12 (13) XL:     6   Next: 2%
Magic:  22/22      EV: 13    Int: 16 (18) God:
Gold:   91         SH:  0    Dex: 15 (17) Spells: 8/12 levels left

rFire   . . .        r - +0 dagger (speed)
rCold   . . .        (no shield)
rNeg    . . .        d - +0 leather armour
rPois   .            (no helmet)
rElec   .            (no cloak)
rCorr   .            (no gloves)
SInv    .            (no boots)
Will    .....        (no amulet)
Stlth   +            j - +6 ring of strength
HPRegen 0.25/turn    o - ring of magical power
MPRegen 0.18/turn

%: no passive effects
@: lethally poisoned (-1 -> -7), hasted, very quick
A: no striking features
a: no special abilities


You were on level 3 of the Dungeon.
You visited 1 branch of the dungeon, and saw 3 of its levels.

You collected 91 gold pieces.

Inventory:

Hand Weapons
 a - a +1 sling
 m - a +0 whip of venom
 r - a +0 dagger of speed (weapon)
Armour
 d - a +0 leather armour (worn)
Jewellery
 j - a +6 ring of strength (left hand)
 o - a ring of magical power (right hand)
Scrolls
 b - 2 scrolls of poison
 c - 2 scrolls of vulnerability {unknown}
 e - 4 scrolls of identify {unknown}
 h - 2 scrolls of enchant weapon {unknown}
 l - 3 scrolls of blinking {unknown}
 n - 2 scrolls of teleportation {unknown}
 t - a scroll of silence {unknown}
Potions
 f - a potion of haste
 g - a potion of curing {unknown}
 i - a potion of cancellation {unknown}
 k - a potion of brilliance {unknown}
 p - a potion of degeneration
 q - a potion of resistance {unknown}
 s - a potion of mutation {unknown}


   Skills:
 - Level 1.0 Fighting
 * Level 5.5 Ranged Weapons
 - Level 1.0 Armour
 + Level 3.9 Dodging
 + Level 3.5 Spellcasting
 + Level 5.2 Hexes


You had 8 spell levels left.
You knew the following spells:

 Your Spells              Type           Power      Damage    Failure   Level
a - Slow                  Hex            76%        N/A       2%          1
b - Inner Flame           Hex/Fire       11%        N/A       24%         3

Your spell library contained the following spells:

 Spells                   Type           Power      Damage    Failure   Level
 Portal Projectile        Hex/Tloc       22%        N/A       24%         3
 Cause Fear               Hex            9%         N/A       26%         4


Dungeon Overview and Level Annotations

Branches:
Dungeon (3/15) Zot: 14881

Altars:
Cheibriados
Wu Jian


Message History

The adder is almost dead.
You feel sick. The adder bites you.
You closely miss the adder.
The adder is almost dead.
You feel sick. The adder bites you.
* * * LOW HITPOINT WARNING * * *
You are more poisoned.
The adder poisons you!
You closely miss the adder.
The adder is almost dead.
* * * LOW HITPOINT WARNING * * *
You feel sick. The adder misses you.
You closely miss the adder.
The adder is almost dead.
* * * LOW HITPOINT WARNING * * *
You feel sick. The adder closely misses you.
You miss the adder.
The adder is almost dead.
* * * LOW HITPOINT WARNING * * *
You feel sick. The adder closely misses you.
You barely miss the adder.
The adder is almost dead.
* * * LOW HITPOINT WARNING * * *
You feel sick.
You barely miss the adder.
The adder is almost dead.
* * * LOW HITPOINT WARNING * * *
You feel sick. The adder closely misses you.
It was a potion of haste.
You feel yourself speed up.
* * * LOW HITPOINT WARNING * * *
You feel sick. The adder bites you.
* * * LOW HITPOINT WARNING * * *
You are more poisoned.
The adder poisons you!
It was a potion of degeneration.
There was something very wrong with that liquid.
You feel weakened.
You feel dopey.
You feel clumsy.
* * * LOW HITPOINT WARNING * * *
You feel sick. The adder bites you.
You die...

#.#.#.# .#.#.##
#.#.#.# .#.#.##
#.#.#.# .#.#.##
########
#.#.#..
#......#
.#.#....
#.###......#
#.#.#....
#..S@......####
.#.#.....
#####......##..
#####...
#.)....##.# .†
###'#####.# #.#
#.# # #.# #.# #
###.# #.# #
#...#####.###
############
#...........#


You could see an adder.

Vanquished Creatures
  An orc priest (D:3)
  2 orc wizards
  4 gnolls (D:3)
  5 adders
  A worm (D:2)
  2 dart slugs
  16 orcs
  8 ball pythons
  4 bats
  5 endoplasms
  A giant cockroach (D:2)
  11 goblins
  6 hobgoblins
  3 jackals (D:1)
  6 kobolds
  2 quokkas
  7 frilled lizards
  12 rats
96 creatures vanquished.

Notes
Turn   | Place    | Note
-------+----------+-------------------------------------------
     0 | D:1      | SacredBeard the Deep Elf Hexslinger began the quest for the
                  | Orb.
     0 | D:1      | Reached XP level 1. HP: 11/11 MP: 5/5
   301 | D:1      | Reached XP level 2. HP: 16/16 MP: 6/6
   410 | D:1      | Reached skill level 1 in Fighting
   829 | D:1      | Reached XP level 3. HP: 20/20 MP: 8/8
  1347 | D:2      | Reached skill level 1 in Armour
  1490 | D:2      | Reached XP level 4. HP: 21/25 MP: 9/9
  1659 | D:2      | Found an ornate altar of the Wu Jian Council.
  2062 | D:3      | Found a snail-covered altar of Cheibriados.
  2094 | D:3      | Reached XP level 5. HP: 26/29 MP: 11/11
  2322 | D:3      | Learned a level 3 spell: Inner Flame
  2369 | D:3      | Reached skill level 5 in Ranged Weapons
  2386 | D:3      | Reached skill level 5 in Hexes
  2864 | D:3      | Reached XP level 6. HP: 9/34 MP: 13/13
  3071 | D:3      | HP: 1/34 [poisoned by an adder]
  3071 | D:3      | Slain by an adder

Illustrated notes

Levels and vault maps discovered:
D:1:      nicolae_arrival_somewhat_less_tricky_arrival, layout_basic,
          serial_curves, eino_curves_03, eino_curves_02, eino_curves_03,
          eino_curves_01, minmay_pentomino_r2
D:2:      layout_rooms, basic_altar
D:3:      layout_basic, kennysheep_slug_shrine, mainiacjoe_overflow_alcove_2

Skill      XL: |  1  2  3  4  5 |
---------------+----------------+-----
Ranged Weapons | 3 4 5 |  5.5
Fighting       | 1 |  1.0
Spellcasting   | 2 3 |  3.5
Armour         | 1 |  1.0
Dodging        | 3 |  3.9
Hexes          | 5 |  5.2

Action                     |  1- 3 |  4- 6 || total
---------------------------+-------+-------++-------
  Melee: Whip              |    14 |    43 ||    57
         Punch             |       |     2 ||     2
         Dagger            |       |    58 ||    58
   Fire: Sling             |   151 |   110 ||   261
   Cast: Slow              |     4 |    14 ||    18
         Inner Flame       |       |     5 ||     5
    Use: Potion            |       |     2 ||     2
 Armour: Leather armour    |    21 |    23 ||    44
  Dodge: Dodged            |    59 |    76 ||   135
